 Dungeon Crawl Stone Soup version 0.21.1-1-g345015fe64 (webtiles) character file.

2071 Oravi the Transmogrifier (level 9, -2/62 HPs)
             Began as a Merfolk Transmuter on Apr 10, 2018.
             Killed from afar by an electric eel (9 damage)
             ... with a bolt of electricity
             ... on level 6 of the Dungeon.
             The game lasted 00:36:18 (7267 turns).

Oravi the Transmogrifier (Merfolk Transmuter)       Turns: 7267, Time: 00:36:18

Health: -2/62      AC:  2    Str: 11    XL:     9   Next: 26%
Magic:  10/10      EV: 25    Int: 17    God:
Gold:   242        SH:  0    Dex: 19    Spells: 7/12 levels left

rFire    . . .     SeeInvis .     - Unarmed
rCold    . . .     Gourm    .   (shield currently unavailable)
rNeg     . . .     Faith    .   (armour currently unavailable)
rPois    x         Spirit   .   (helmet currently unavailable)
rElec    .         Reflect  .   (cloak currently unavailable)
rCorr    .         Harm     .   (gloves currently unavailable)
MR       +....     Rnd*Tele +   (boots currently unavailable)
Stlth    ++........             i - amulet of regeneration
HPRegen  0.60/turn              l - ring of protection from magic
MPRegen  0.12/turn              (no ring)

@: lethally poisoned (-2 -> -3), spider-form, very slightly contaminated
A: tiny, (change form in water), (swift swim), (stealthy swim), clever 1, low mp
1, teleportitis 1
a: End Transformation


You were on level 6 of the Dungeon.
You were hungry.
You were a venomous arachnid creature.
You visited 2 branches of the dungeon, and saw 7 of its levels.

You collected 242 gold pieces.

Inventory:

Missiles
 a - 68 arrows
Armour
 b - a +0 robe (melded)
 o - a +1 cloak (melded)
Jewellery
 i - an amulet of regeneration (around neck)
 l - a ring of protection from magic (left front leg)
 n - an uncursed ring of fire
 p - a +2 amulet of reflection
Scrolls
 e - 2 scrolls of magic mapping
 g - 6 scrolls of identify
Potions
 f - 2 potions of brilliance
 h - 4 potions of agility
 j - a potion of cancellation
Books
 c - a book of Changes

   Spells                             Type                      Level
   a - Beastly Appendage              Transmutation                1
   b - Sticks to Snakes               Transmutation                2
   c - Spider Form                    Transmutation/Poison         3
   d - Ice Form                       Ice/Transmutation            4
   e - Blade Hands                    Transmutation                5
Comestibles
 d - 14 rations


   Skills:
 + Level 2.4 Fighting
 + Level 5.8 Dodging
 + Level 8.3 Unarmed Combat
 - Level 2.0 Spellcasting
 * Level 9.5 Transmutations
 * Level 5.0 Poison Magic


You had 7 spell levels left.
You knew the following spells:

 Your Spells              Type           Power        Failure   Level  Hunger
b - Sticks to Snakes      Tmut           ####....     3%          2    ###....
c - Spider Form           Tmut/Pois      ####......   11%         3    ###....


Dungeon Overview and Level Annotations

Branches:
Dungeon (6/15)             Temple (1/1) D:4

Altars:
Ashenzari
Dithmenos
Elyvilon
Fedhas
Gozag
Hepliaklqana
Kikubaaqudgha
Makhleb
Nemelex Xobeh
Okawaru
Ru
Sif Muna
Trog
Uskayaw
Vehumet
Xom
Yredelemnul
Zin

Annotations:
D:3 BorisKarlOrff's ghost, amateur MiBe
D:4 Bal's ghost, amateur MiFi
D:5 Gitz's ghost, novice DsBe


Innate Abilities, Weirdness & Mutations

((You revert to your normal form in water.))
((You are very nimble and swift while swimming.))
((You are very stealthy in the water. (Stealth+)))
((You have a pair of small antennae on your head.))
Your mind is acute. (Int +2)
Your magical capacity is low. (-10% MP)
You are occasionally teleported next to monsters.


Message History

You feel sick.
You feel sick.
You feel sick.
There is an open door here.
You feel sick.
A kobold comes into view.
You feel sick.
The kobold shouts!
You feel sick.
You feel sick.
The kobold throws a stone.
The stone closely misses you.
You feel sick.
There is a large open door here.
You feel sick. The kobold barely misses you.
The kobold throws a stone.
The stone closely misses you.
You feel sick.
The kobold throws a stone.
The stone completely misses you.
You feel sick.
The kobold throws a stone.
The stone hits you.
* * * LOW HITPOINT WARNING * * *
The electric eel shoots out a bolt of lightning at you!
The bolt of electricity hits you!
You die...

#####..........#......#..........
.(......#########....#########(..
.(......+ #....#(..))())...
........# #....#...)(.(#...
##################''#############
≈≈≈≈≈≈≈≈≈≈≈≈≈≈≈≈...K.≈≈;≈≈≈≈ ≈≈≈≈
≈≈≈≈≈≈≈≈≈≈≈≈≈≈≈≈≈....≈≈≈≈≈≈; ≈≈≈≈
≈≈≈≈≈≈≈≈≈≈≈≈≈≈≈≈≈....≈≈≈≈≈≈≈ ≈;≈≈
≈≈≈≈.≈≈≈.≈≈≈≈≈≈.s...(.≈...≈≈≈.≈≈.
............(....................
...............((................
.....#######.(#(.###.#.#.#.# ###
#...## ##...## #.#.....# #. ##)##
###.# #.##....# #. #.# #.#
#.##....# ##. #.# #.# #.......#
##.. ##.######## #.# #####.###
#...


You could see an electric eel and a kobold.

Vanquished Creatures
  Grinder (D:3)
  A water moccasin (D:6)
  An orc warrior (D:6)
  A black bear (D:6)
  A sky beast (D:6)
  A phantom (D:6)
  4 ogres
  5 big kobolds (D:6)
  A crimson imp (D:5)
  2 orc priests
  2 hounds
  An iguana (D:6)
  Terence (D:3)
  Natasha (thrice) (D:3)
  2 orc wizards (D:6)
  4 worker ants
  A hound skeleton (D:6)
  Robin (D:3)
  5 gnolls
  7 adders
  3 shadow imps (D:5)
  An ooze (D:6)
  2 dart slugs (D:2)
  2 leopard geckos
  16 orcs
  6 giant cockroaches
  18 goblins
  9 hobgoblins
  9 jackals
  6 quokkas
  A ball python (D:1)
  8 bats
  4 frilled lizards
  33 kobolds
  3 rats
166 creatures vanquished.

Vanquished Creatures (others)
  A kobold (D:6)
1 creature vanquished.

Grand Total: 167 creatures vanquished

Notes
Turn   | Place    | Note
-------+----------+-------------------------------------------
     0 | D:1      | Oravi the Merfolk Transmuter began the quest for the Orb.
     0 | D:1      | Reached XP level 1. HP: 15/15 MP: 3/3
    68 | D:1      | Reached skill level 3 in Transmutations
   221 | D:1      | Reached XP level 2. HP: 16/21 MP: 1/5
   910 | D:2      | Reached XP level 3. HP: 26/26 MP: 4/6
   921 | D:2      | Reached skill level 4 in Transmutations
  1065 | D:1      | Learned a level 2 spell: Sticks to Snakes
  1069 | D:1      | Learned a level 3 spell: Spider Form
  1092 | D:2      | Reached XP level 4. HP: 24/32 MP: 2/7
  1786 | D:3      | Noticed BorisKarlOrff's ghost (amateur MiBe)
  1793 | D:3      | Noticed Robin
  2022 | D:3      | Found a faded altar of an unknown god.
  2117 | D:3      | Reached skill level 5 in Transmutations
  2117 | D:3      | Reached XP level 5. HP: 27/37 MP: 4/8
  2254 | D:3      | Killed Robin
  2527 | D:3      | Noticed Natasha
  2534 | D:3      | Killed Natasha
  2534 | D:3      | Reached XP level 6. HP: 36/43 MP: 1/9
  2558 | D:3      | Noticed Natasha
  2826 | D:3      | Noticed Grinder
  2836 | D:3      | Paralysed by Grinder for 3 turns
  2849 | D:3      | Killed Grinder
  2849 | D:3      | Reached skill level 5 in Unarmed Combat
  2849 | D:3      | Reached skill level 6 in Transmutations
  2849 | D:3      | Reached skill level 1 in Poison Magic
  3230 | D:3      | Found a deep blue altar of Sif Muna.
  3311 | D:4      | Noticed Bal's ghost (amateur MiFi)
  3366 | D:4      | Found a hide-covered altar of Uskayaw.
  3367 | D:4      | Found a burning altar of Makhleb.
  3367 | D:4      | Found a bloodstained altar of Trog.
  3368 | D:4      | Found a shimmering altar of Xom.
  3368 | D:4      | Found a radiant altar of Vehumet.
  3392 | D:4      | Reached XP level 7. HP: 24/49 MP: 7/10
  3642 | D:4      | Found a staircase to the Ecumenical Temple.
  3670 | D:3      | Reached skill level 7 in Transmutations
  3708 | D:3      | HP: 2/49 [BorisKarlOrff's ghost (13)]
  3710 | D:3      | Killed Natasha
  4094 | D:3      | Noticed Terence
  4095 | D:3      | Noticed Natasha
  4100 | D:3      | Killed Natasha
  4108 | D:3      | Killed Terence
  4427 | D:4      | Found a sparkling altar of Nemelex Xobeh.
  4477 | D:4      | Found a shadowy altar of Dithmenos.
  4615 | Temple   | Entered the Ecumenical Temple
  4963 | D:5      | Entered Level 5 of the Dungeon
  5137 | D:5      | Noticed Gitz's ghost (novice DsBe)
  5308 | D:5      | Reached skill level 8 in Transmutations
  5308 | D:5      | Reached XP level 8. HP: 49/56 MP: 5/11
  6201 | D:6      | Found an opulent altar of Gozag.
  6210 | D:6      | Reached skill level 5 in Dodging
  6563 | D:6      | Reached skill level 9 in Transmutations
  6610 | D:6      | Found a sparkling altar of Nemelex Xobeh.
  6807 | D:6      | Gained mutation: Your mind is acute. (Int +2) [potion of mutation]
  6807 | D:6      | Gained mutation: Your magical capacity is low. (-10% MP) [potion of mutation]
  6807 | D:6      | Gained mutation: You are occasionally teleported next to monsters. [potion of mutation]
  6807 | D:6      | Gained mutation: You have a pair of small antennae on your head. [potion of mutation]
  7063 | D:6      | Reached XP level 9. HP: 59/61 MP: 6/10
  7247 | D:6      | Reached skill level 5 in Poison Magic
  7267 | D:6      | Killed from afar by an electric eel

Skill      XL: |  1  2  3  4  5  6  7  8  9 |
---------------+----------------------------+-----
Transmutations | 3 4 5 6 8 9 |  9.5
Dodging        | 3 4 5 |  5.8
Unarmed Combat | 4 5 6 7 8 |  8.3
Poison Magic   | 1 2 4 5 |  5.0
Fighting       | 2 |  2.4
Spellcasting   | |  2.0

Action                   |  1- 3 |  4- 6 |  7- 9 || total
-------------------------+-------+-------+-------++-------
Melee: Unarmed           |    63 |   178 |   291 ||   532
       Headbutt          |     9 |     8 |     5 ||    22
       Punch             |       |       |     1 ||     1
 Cast: Beastly Appendage |    16 |    16 |     5 ||    37
       Spider Form       |     2 |    15 |    37 ||    54
       Sticks to Snakes  |       |     3 |     8 ||    11
  Use: Scroll            |     3 |       |    10 ||    13
       Potion            |       |     4 |     5 ||     9
 Stab: Distracted        |       |     1 |       ||     1
       Sleeping          |       |     1 |       ||     1
  Eat: Chunk             |     1 |     9 |    16 ||    26
       Ration            |       |       |     1 ||     1
Armor: Robe              |     7 |    12 |     7 ||    26
       Skin              |       |     7 |     8 ||    15
Dodge: Dodged            |    32 |   150 |   286 ||   468
Block: Other             |       |       |     8 ||     8
